 Dungeon Crawl Stone Soup version 0.30-b1-2-g02819fbbbe (webtiles) character file.

Game seed: 11005125945237080344

88 LLlMATKO the Trooper (level 4, -5/61 HPs)
             Began as a Minotaur Berserker on June 14, 2023.
             Was a Believer of Trog.
             Killed from afar by Grinder (12 damage)
             ... with a bolt of light
             ... on level 3 of the Dungeon.
             The game lasted 00:02:01 (2080 turns).

LLlMATKO the Trooper (Minotaur Berserker)           Turns: 2080, Time: 00:02:02

Health: -5/61      AC: 12    Str: 24    XL:     4   Next: 29%
Magic:  3/3        EV:  7    Int:  4    God:    Trog [**....]
Gold:   76         SH:  0    Dex:  9    Spells: 3/3 levels left

rFire   . . .        a - +0 hand axe
rCold   . . .        (no shield)
rNeg    . . .        q - +0 plate armour
rPois   .            (helmet restricted)
rElec   .            (no cloak)
rCorr   .            n - +0 pair of gloves
SInv    .            (no boots)
Will    .....        (no amulet) Stlth
                     (no ring)
HPRegen 0.30/turn    (no ring)
MPRegen 0.08/turn

%: no passive effects
@: berserking, very quick
A: horns 2, retaliatory headbutt
a: Renounce Religion, Berserk, Trog's Hand


You were on level 3 of the Dungeon.
You worshipped Trog.
Trog was pleased with you.
You visited 1 branch of the dungeon, and saw 3 of its levels.

You collected 76 gold pieces.

Inventory:

Hand Weapons
 a - a +0 hand axe (weapon)
Missiles
 p - 6 poisoned darts (quivered)
Armour
 j - a +2 ring mail of cold resistance
 n - a +0 pair of gloves (worn)
 q - a +0 plate armour (worn)
Jewellery
 m - an amulet of regeneration
Scrolls
 b - a scroll of fog {unknown}
 d - a scroll of enchant weapon {unknown}
 e - a scroll of magic mapping {unknown}
 f - 2 scrolls of enchant armour {unknown}
 g - a scroll of brand weapon {unknown}
 l - a scroll of teleportation {unknown}
Potions
 c - a potion of attraction {unknown}
 h - 4 potions of flight {unknown}
 i - 2 potions of curing {unknown}
 k - a potion of invisibility {unknown}
 o - a potion of brilliance {unknown}


   Skills:
 + Level 4.4 Fighting
 + Level 4.4 Axes
 + Level 3.4 Armour
 + Level 3.0 Dodging


You had 3 spell levels left.
You didn't know any spells.
Your spell library was empty.

Dungeon Overview and Level Annotations

Branches:
Dungeon (3/15)

Altars:

Annotations:
D:3 Grinder


Innate Abilities, Weirdness & Mutations

You have a pair of horns on your head.
You reflexively headbutt those who attack you in melee.


Message History

q - a +0 plate armour You start removing your armour.
You continue taking off your +2 ring mail of cold resistance. x4
You finish taking off your +2 ring mail of cold resistance.
You feel less resistant to cold.
You start putting on your armour.
You continue putting on your +0 plate armour. x5
You finish putting on your +0 plate armour.
Unknown command.
Unknown command.
Grinder comes into view.
She is carrying a wand of light (3).
Grinder gestures at you. You resist with significant effort.
Grinder gestures at you. Pain shoots through your body! Grinder hits you.
You writhe in agony.
You hit Grinder. Your headbutt misses Grinder.
Grinder is lightly wounded.
Grinder hits you but does no damage.
You hit Grinder.
Grinder is lightly wounded.
Grinder hits you!
You writhe in agony.
* * * LOW HITPOINT WARNING * * *
You are too injured to fight recklessly!
You are too injured to fight recklessly!
You are too injured to fight recklessly!
You are too injured to fight recklessly!
You are too injured to fight recklessly!
Unknown command.
A red film seems to cover your vision as you go berserk!
You feel yourself moving faster!
You feel mighty!
Grinder zaps a wand.
The bolt of light hits you but does no damage.
You slash Grinder!
Grinder is moderately wounded.
Grinder zaps a wand.
The bolt of light hits you!
* * * LOW HITPOINT WARNING * * *
You slash Grinder!
Grinder is severely wounded.
Grinder zaps a wand.
The bolt of light hits you!
You die...

#.#######.#
##.#....##.# #.#
<#.#.##.##.#.# #.#
.#.#....##.#.# #.#
...#.......#.# #.#
...#)......#.# #.#
...#.#####.#.# #.#
.....#####.#.# #5#
...).......#.# #@#
..##.........# #.#
#.....##########.##
#.###>............#
#.###.#############
#................#
#####.##########.#
#.# #.# #.# #.#


You could see Grinder.

Vanquished Creatures
  An orc wizard (D:3)
  An adder (D:2)
  A dart slug (D:1)
  4 orcs (D:3)
  4 ball pythons
  2 bats (D:2)
  3 endoplasms
  2 giant cockroaches (D:2)
  4 hobgoblins
  10 jackals
  A quokka (D:2)
  A frilled lizard (D:2)
  5 goblins
  2 kobolds (D:3)
  2 rats (D:2)
43 creatures vanquished.

Notes
Turn   | Place    | Note
-------+----------+-------------------------------------------
     0 | D:1      | LLlMATKO the Minotaur Berserker began the quest for the
                  | Orb.
     0 | D:1      | Reached XP level 1. HP: 19/19 MP: 0/0
   158 | D:1      | Found a faded altar of an unknown god.
   241 | D:1      | Reached XP level 2. HP: 27/27 MP: 1/1
   893 | D:2      | Identified the +5 dagger of the Sharing Bear {drain, rElec
                  | MP+9 Stlth+}
   909 | D:2      | Reached XP level 3. HP: 17/33 MP: 2/2
  1391 | D:2      | Reached ** piety under Trog
  1859 | D:3      | Reached XP level 4. HP: 24/41 MP: 3/3
  2072 | D:3      | Noticed Grinder
  2080 | D:3      | Killed from afar by Grinder

Illustrated notes

Levels and vault maps discovered:
D:1:      dpeg_arrival_more_subterranean_lakeside_camping, layout_basic,
          shapermc_ecumenical_altar_venn, nrook_campfire
D:2:      layout_basic, hex_tiny
D:3:      layout_basic, ebering_ghost_sewer_f, uniq_grinder

Skill      XL: |  1  2  3 |
---------------+----------+-----
Axes           | 4 |  4.4
Fighting       | 4 |  4.4
Armour         | 3 |  3.4
Dodging        | 3 |  3.0

Action                     |  1- 3 |  4- 6 || total
---------------------------+-------+-------++-------
  Melee: Hand axe          |    95 |     7 ||   102
         Headbutt          |    14 |       ||    14
         Punch             |     3 |       ||     3
 Invoke: Berserk           |     1 |     1 ||     2
 Armour: Animal skin       |     8 |       ||     8
         Ring mail         |    30 |     3 ||    33
         Plate armour      |       |     2 ||     2
  Dodge: Dodged            |    41 |       ||    41
